 Dungeon Crawl Stone Soup version 0.30.0-5-g1a98f26d00 (webtiles) character file.

Game seed: 4367651578772750225

224 Pimp the Trooper (level 6, -2/56 HPs)
             Began as a Hill Orc Fighter on May 8, 2023.
             Killed from afar by Sigmund (11 damage)
             ... with a puff of flame
             ... on level 3 of the Dungeon.
             The game lasted 00:04:08 (2460 turns).

Pimp the Trooper (Hill Orc Fighter)                 Turns: 2460, Time: 00:04:08

Health: -2/56      AC:  7    Str: 19 (21) XL:     6   Next: 0%
Magic:  6/6        EV:  9    Int:  6 (8)  God:
Gold:   151        SH:  4    Dex:  8 (10) Spells: 5/5 levels left

rFire   . . .        a - +0 war axe (drain)
rCold   . . .        c - +0 buckler
rNeg    . . .        b - +0 scale mail
rPois   +            (no helmet)
rElec   .            (no cloak)
rCorr   .            (no gloves)
SInv    .            (no boots)
Will    .....        (no amulet) Stlth
                     e - ring of poison resistance
HPRegen 0.29/turn    (no ring)
MPRegen 0.10/turn

%: no passive effects
@: brilliant
A: no striking features
a: no special abilities


You were on level 3 of the Dungeon.
You visited 1 branch of the dungeon, and saw 3 of its levels.

You collected 151 gold pieces.

Inventory:

Hand Weapons
 a - a +0 war axe of draining (weapon)
Armour
 b - a +0 scale mail (worn)
 c - a +0 buckler (worn)
Jewellery
 e - a ring of poison resistance (left hand)
Wands
 o - a wand of mindburst (13)
 p - a wand of light (10)
Scrolls
 d - a scroll of enchant weapon {unknown}
 f - 4 scrolls of identify {unknown}
 g - a scroll of amnesia {unknown}
 h - 2 scrolls of teleportation {unknown}
 i - 2 scrolls of fog {unknown}
 k - a scroll of summoning {unknown}
 l - 2 scrolls of vulnerability {unknown}
 m - a scroll of torment {unknown}
Potions
 j - 2 potions of degeneration


   Skills:
 + Level 5.0 Fighting
 + Level 4.6 Axes
 + Level 4.4 Armour
 + Level 4.5 Shields


You had 5 spell levels left.
You didn't know any spells.
Your spell library contained the following spells:

 Spells                   Type           Power      Damage    Failure   Level
 Beastly Appendage        Tmut           0%         N/A       87%         1
 Freeze                   Ice            0%         1d3       87%         1
 Summon Small Mammal      Summ           0%         N/A       87%         1
 Static Discharge         Conj/Air       0%         2-2/arc   95%         2
 Wereblood                Tmut           0%         N/A       95%         2
 Call Canine Familiar     Summ           0%         N/A       99%         3
 Frozen Ramparts          Ice            0%         1d1       99%         3
 Hailstorm                Conj/Ice       0%         3d3       99%         3
 Spider Form              Tmut/Pois      0%         N/A       99%         3
 Summon Guardian Golem    Hex/Summ       0%         N/A       99%         3
 Airstrike                Air            0%         2d(0-16)  100%        4
 Anguish                  Hex/Necr       0%         N/A       100%        4
 Summon Lightning Spire   Summ/Air       0%         N/A       100%        4
 Enfeeble                 Hex            0%         N/A       100%        7


Dungeon Overview and Level Annotations

Branches:
Dungeon (3/15)

Altars:

Annotations:
D:3 Sigmund


Message History

Sigmund hits you but does no damage.
You barely miss Sigmund.
Sigmund is lightly wounded.
Sigmund barely misses you.
You closely miss Sigmund.
Sigmund is lightly wounded.
Sigmund hits you but does no damage.
You hit Sigmund but do no damage.
Sigmund is lightly wounded.
Sigmund hits you with a +0 scythe!
You miss Sigmund.
Sigmund is lightly wounded.
Sigmund hits you with a +0 scythe.
You're too confused to move!
Sigmund casts a spell.
Sigmund flickers and vanishes!
Deactivating autopickup; reactivate with Ctrl-A.
You're too confused to move!
Something hits you. Something hits you.
You miss something.
You feel less confused.
You hear some strange, mumbled words.
A magic dart appears from out of thin air!
The magic dart hits you.
You slash something! Something hits you.
You miss something. Something hits you!
You barely miss something. You barely miss something.
Something hits you but does no damage.
You closely miss something. Something hits you!
* * * LOW HITPOINT WARNING * * *
You barely miss something.
You hear some strange, mumbled words.
A puff of flame appears from out of thin air!
The puff of flame hits you.
* * * LOW HITPOINT WARNING * * *
You closely miss something.
You hear some strange, mumbled words.
A puff of flame appears from out of thin air!
The puff of flame hits you!
You die...

#....†.##### #.# ####
#.##.......# #.# #...
#.########.# #.# #.##
#.##### #.# #.# #######.#
#.....# #.# #.# #...(...#
#####.# #.#
#.###.######## #.# #.#
#..........>.. #†# #{#
#####[.####...
###.####@#######..####.##
#.....##...............#
#.....########.#.[.##..#
#..........>......>##..##
#.....########.##........
#.....# ##...###....
####### ##### #####


There were no monsters in sight!

Vanquished Creatures
  A hound (D:2)
  An orc wizard (D:3)
  Natasha (twice) (D:2)
  Robin (D:2)
  3 adders
  2 dart slugs (D:2)
  5 orcs (D:3)
  5 endoplasms
  4 giant cockroaches
  11 goblins
  7 hobgoblins
  9 jackals
  3 quokkas
  6 ball pythons
  2 bats
  2 frilled lizards (D:1)
  A kobold (D:1)
  5 rats
70 creatures vanquished.

Notes
Turn   | Place    | Note
-------+----------+-------------------------------------------
     0 | D:1      | Pimp the Hill Orc Fighter began the quest for the Orb.
     0 | D:1      | Reached XP level 1. HP: 19/19 MP: 1/1
     6 | D:1      | You fall into a shaft and drop 1 floor!
    40 | D:2      | Noticed Robin
    60 | D:2      | Killed Robin
    61 | D:2      | Reached XP level 2. HP: 6/27 MP: 2/2
    63 | D:2      | Reached skill level 4 in Fighting
    64 | D:2      | HP: 1/27 [goblin/+0 dagger[Robin] (3)]
    67 | D:2      | Reached XP level 3. HP: 3/33 MP: 3/3
   297 | D:2      | Noticed Natasha
   310 | D:2      | Killed Natasha
   399 | D:2      | Reached XP level 4. HP: 34/41 MP: 4/4
   483 | D:1      | Found a faded altar of an unknown god.
   484 | D:1      | Noticed an eye of devastation
   486 | D:1      | Noticed an eye of devastation
   486 | D:1      | Noticed a floating eye
   486 | D:1      | Noticed a shining eye
  1643 | D:2      | Reached XP level 5. HP: 45/47 MP: 5/5
  1748 | D:2      | Noticed Natasha
  1751 | D:2      | Killed Natasha
  2406 | D:3      | Reached skill level 5 in Fighting
  2406 | D:3      | Reached XP level 6. HP: 56/56 MP: 6/6
  2434 | D:3      | Noticed Sigmund
  2460 | D:3      | Killed from afar by Sigmund

Illustrated notes

Levels and vault maps discovered:
D:1:      amcnicky_arrival_gap_in_the_tavern_cellar, layout_loops_corners,
          hellmonk_ecumenical_altar_watching_god
D:2:      layout_basic, uniq_robin, uniq_natasha
D:3:      layout_loops_ring, grunt_ministairs_5, uniq_sigmund

Skill      XL: |  1  2  3  4  5 |
---------------+----------------+-----
Axes           | 3 4 |  4.6
Fighting       | 4 5 |  5.0
Armour         | 4 |  4.4
Shields        | 4 |  4.5

Action                     |  1- 3 |  4- 6 || total
---------------------------+-------+-------++-------
  Melee: War axe           |    63 |   132 ||   195
    Use: Potion            |     1 |     2 ||     3
         Scroll            |       |     3 ||     3
 Armour: Scale mail        |    49 |    72 ||   121
  Dodge: Dodged            |    46 |    77 ||   123
  Block: Buckler           |    28 |    26 ||    54
